 Dungeon Crawl Stone Soup version 0.22-a0-776-ge6d7efa (webtiles) character file.

464 torrenera the Gusty (level 6, -2/45 HPs)
             Began as a Draconian Air Elementalist on July 18, 2018.
             Was an Initiate of Sif Muna.
             Slain by Grinder (6 damage)
             ... on level 5 of the Dungeon.
             The game lasted 00:11:27 (5510 turns).

torrenera the Gusty (Draconian Air Elementalist)    Turns: 5510, Time: 00:11:29

Health: -2/45      AC:  7    Str: 11    XL:     6   Next: 80%
Magic:  7/13       EV: 12    Int: 17    God:    Sif Muna [......]
Gold:   30         SH:  0    Dex: 11    Spells: 3/14 levels left

rFire    . . .     SeeInvis .   a - +4 hunting sling
rCold    . . .     Gourm    .   (no shield)
rNeg     . . .     Faith    .   (armour unavailable)
rPois    +         Spirit   .   (helmet restricted)
rElec    .         Reflect  .   p - +0 cloak
rCorr    .         Harm     .   (no gloves)
MR       .....                  (no boots)
Stlth    ++........             (no amulet)
HPRegen  0.15/turn              v - ring of poison resistance
MPRegen  0.13/turn              (no ring)

@: no status effects
A: unfitting armour, cold-blooded, AC +6
a: Renounce Religion


You were on level 5 of the Dungeon.
You worshipped Sif Muna.
Sif Muna was noncommittal.
You were not hungry.

You visited 2 branches of the dungeon, and saw 6 of its levels.

You collected 250 gold pieces.
You spent 220 gold pieces at shops.

Inventory:

Hand Weapons
 a - a +4 hunting sling (weapon)
 b - a +1 dagger of draining
 m - a +1 mace of crushing
Missiles
 k - 19 sling bullets (quivered)
 l - 44 stones
Armour
 f - a +0 shield
 p - a +0 cloak (worn)
Jewellery
 v - a ring of poison resistance (left hand)
Scrolls
 c - 12 scrolls of identify {unknown}
 i - 4 scrolls of remove curse
 j - 3 scrolls of enchant weapon {unknown}
 n - a scroll of noise {unknown}
 r - 4 scrolls of teleportation {unknown}
 t - a scroll of blinking {unknown}
Potions
 d - a potion of curing
 e - 2 potions of agility {unknown}
 g - a potion of degeneration {unknown}
 o - a potion of heal wounds {unknown}
 q - 2 potions of flight {unknown}
 s - a potion of haste {unknown}
Comestibles
 h - 12 rations
 u - 3 chunks of flesh


   Skills:
 - Level 1.7 Dodging
 - Level 1.7 Stealth
 + Level 4.9 Spellcasting
 - Level 1.0 Conjurations
 + Level 5.9 Air Magic


You had 3 spell levels left.
You knew the following spells:

 Your Spells              Type           Power        Failure   Level  Hunger
a - Shock                 Conj/Air       ###.         3%          1    None
b - Swiftness             Chrm/Air       ##......     6%          2    #......
c - Static Discharge      Conj/Air       ###.....     11%         3    ###....
d - Lightning Bolt        Conj/Air       ###.......   67%         5    ######.

Your spell library contained the following spells:

 Spells                   Type           Power        Failure   Level  Hunger
 Airstrike                Air            ###.......   12%         4    ####...


Dungeon Overview and Level Annotations

Branches:
Dungeon (5/15)             Temple (1/1) D:4

Altars:
Ashenzari
Elyvilon
Fedhas
Kikubaaqudgha
Nemelex Xobeh
Sif Muna
Uskayaw
Wu Jian
Yredelemnul
Zin
The Shining One
Lugonu

Shops:
D:4 *

Annotations:
D:5 Grinder


Innate Abilities, Weirdness & Mutations

Your plain brown scales are hard. (AC +6)
You cannot fit into any form of body armour.
You are cold-blooded and may be slowed by cold attacks.


Message History

You can move again.
You see here a ration.
Casting: Shock (safe; 3% risk of failure)
Confirm with . or Enter, or press ? or * to list all spells.
The orc wizard is struck by lightning.
The orc wizard is heavily wounded.
The lightning arcs!
You are struck by lightning.
* * * LOW HITPOINT WARNING * * *
The lightning grounds out.
The orc wizard barely misses you. Grinder hits you but does no damage.
The orc wizard mumbles some strange words.
The orc wizard blinks!
Casting: Static Discharge (safe; 11% risk of failure)
Confirm with . or Enter, or press ? or * to list all spells.
Grinder is struck by lightning.
Grinder is lightly wounded.
The lightning grounds out.
Grinder hits you.
* * * LOW HITPOINT WARNING * * *
You writhe in agony.
You die...

........#####..
........##....# ##
...........#### .# #.
........#### # ... #.
........### #
#..#.##..........# #
.......#######.#
#..###### #.## ##
#@......####..###.
.(....5.....#...........
.##.........#....###....
#.....(.....##.......#
#.........##########..
#...o.....# ##.
....?......# #.
##...(.(...# ### #. ###
....###.


You could see Grinder and an orc wizard.

Vanquished Creatures
  A hound (D:5)
  A centaur skeleton (D:4)
  An orc priest (D:4)
  3 orc wizards
  2 worker ants
  An iguana (D:5)
  A hound skeleton (D:4)
  9 adders
  2 oozes
  An adder skeleton (D:4)
  3 worms (D:2)
  A dart slug (D:2)
  5 leopard geckos
  12 orcs
  6 bats
  5 giant cockroaches
  3 goblins
  6 hobgoblins
  14 jackals
  2 quokkas
  2 ball pythons
  5 frilled lizards
  9 kobolds
  5 rats
100 creatures vanquished.

Notes
Turn   | Place    | Note
-------+----------+-------------------------------------------
     0 | D:1      | torrenera the Draconian Air Elementalist began the quest for the Orb.
     0 | D:1      | Reached XP level 1. HP: 14/14 MP: 3/3
   665 | D:1      | Reached XP level 2. HP: 20/20 MP: 3/5
   669 | D:1      | Learned a level 2 spell: Swiftness
  1117 | D:2      | Reached XP level 3. HP: 16/26 MP: 0/6
  1122 | D:2      | Learned a level 3 spell: Static Discharge
  1257 | D:2      | Reached skill level 4 in Air Magic
  1303 | D:2      | Found a basalt altar of Yredelemnul.
  1953 | D:2      | Reached XP level 4. HP: 31/33 MP: 1/8
  2446 | D:3      | Reached XP level 5. HP: 27/38 MP: 7/10
  3304 | D:4      | Reached skill level 5 in Air Magic
  3311 | D:4      | Learned a level 5 spell: Lightning Bolt
  3316 | D:4      | Found a staircase to the Ecumenical Temple.
  3503 | D:4      | Found a deep blue altar of Sif Muna.
  3567 | Temple   | Entered the Ecumenical Temple
  4163 | D:4      | Found Viaczefie's Serpentskin Sales.
  4167 | D:4      | Reached XP level 6. HP: 45/45 MP: 12/12
  4172 | D:4      | Bought an uncursed ring of poison resistance for 220 gold pieces
  4911 | D:4      | Became a worshipper of Sif Muna the Loreminder
  5107 | D:5      | Entered Level 5 of the Dungeon
  5498 | D:5      | Noticed Grinder
  5502 | D:5      | Paralysed by Grinder for 7 turns
  5510 | D:5      | Slain by Grinder

Vault maps used:
D:1:      minmay_arrival_five_plusses, corexii_item_surrounded_by_moat,
          minmay_misc_feat_room
D:2:      yredelemnul_altar_generic
D:4:      lemuel_blue_sif_altar, minmay_temple_entry_overgrown, first_ration,
          guppyfry_shop_venom
D:5:      kennysheep_mini, grunt_temple_overflow_open, serial_shops,
          nicolae_shop_window_shopping, uniq_grinder
Temple:   corrupted_temple

Skill      XL: |  1  2  3  4  5 |
---------------+----------------+-----
Air Magic      | 4 5 |  5.9
Spellcasting   | 3 4 |  4.9
Dodging        | |  1.7
Stealth        | |  1.7
Conjurations   | |  1.0

Action                   |  1- 3 |  4- 6 || total
-------------------------+-------+-------++-------
Melee: Dagger            |    59 |   120 ||   179
       Unarmed           |     2 |       ||     2
       Tailslap          |     7 |     6 ||    13
 Fire: Hunting sling     |    11 |    68 ||    79
 Cast: Shock             |    53 |    49 ||   102
       Static Discharge  |       |    10 ||    10
  Use: Potion            |     2 |     1 ||     3
       Scroll            |     1 |       ||     1
 Stab: Sleeping          |       |     1 ||     1
  Eat: Chunk             |     4 |    12 ||    16
Armor: Skin              |    34 |    76 ||   110
Dodge: Dodged            |    64 |   168 ||   232

Table legend:
 A = Spawn XP
 B = Non-spawn XP
 C = Spawn XP percentage of total XP
 D = Spawn monster count
 E = Non-spawn monster count
 F = Spawn count percentage of total count
 G = Total turns spent on level
                    A         B        C        D         E        F      G
               +---------+---------+-------+---------+---------+-------+---------
         Total |       0 |     664 |   0.0 |       0 |     100 |   0.0 |  5510
               +---------+---------+-------+---------+---------+-------+---------
           D:1 |       0 |      13 |   0.0 |       0 |       9 |   0.0 |   721
           D:2 |       0 |     102 |   0.0 |       0 |      30 |   0.0 |  1550
           D:3 |       0 |     123 |   0.0 |       0 |      33 |   0.0 |  1031
           D:4 |       0 |     254 |   0.0 |       0 |      18 |   0.0 |  1814
           D:5 |       0 |     172 |   0.0 |       0 |      10 |   0.0 |   347
               +---------+---------+-------+---------+---------+-------+---------
